 Dungeon Crawl Stone Soup version 0.31.0-11-ge490571c62 (webtiles) character file.

Game seed: 13613410147835213079

1805 mopl the Insei (level 9, -3/58 HPs)
             Began as an Octopode Shapeshifter on Feb 10, 2024.
             Slain by Duvessa
             ... wielding a +2 short sword of electrocution
              (14 damage)
             ... on level 6 of the Dungeon.
             The game lasted 00:06:19 (3863 turns).

mopl the Insei (Octopode Shapeshifter)              Turns: 3863, Time: 00:06:21

Health: -3/58      AC:  1    Str: 13    XL:     9   Next: 9%
Magic:  9/9        EV: 15    Int: 12    God:
Gold:   174        SH:  0    Dex: 16    Spells: 8/8 levels left

rFire   + .          .
                       - Unarmed
rCold   + . .        (no shield)
rNeg    . . .        (helmet currently unavailable)
rPois   .            (no amulet)
rElec   .            h - ring of protection from cold
rCorr   .            k - ring of protection from fire
SInv    .            (no ring)
Will    .....        (no ring)
Stlth   ++           (no ring)
HPRegen 0.29/turn    (no ring)
MPRegen 0.11/turn    (no ring)
                     (no ring)

%: no passive effects
@: lethally poisoned (-3 -> -6), beast-form
A: beast (slay +3), almost no armour, amphibious, 8 rings, camouflage 1,
gelatinous body 1, (nimble swimmer 1), tentacles
a: Begin Untransformation


You were on level 6 of the Dungeon.
You were a hulking beast.
You visited 1 branch of the dungeon, and saw 6 of its levels.

You collected 252 gold pieces.
You spent 78 gold pieces at shops.

Inventory:

Hand Weapons
 v - a +0 spear of venom
Missiles
 e - 12 boomerangs
 r - 8 poisoned darts (quivered)
Jewellery
 h - a ring of protection from cold (left tentacle)
 k - a ring of protection from fire (right tentacle)
Talismans
 b - a beast talisman
 c - a flux talisman
Wands
 j - a wand of flame (34)
 m - a wand of paralysis (11)
 x - a wand of mindburst (18)
 y - a wand of iceblast (14)
Scrolls
 g - a scroll of revelation {unknown}
 i - a scroll of fog {unknown}
 l - a scroll of torment {unknown}
 n - 3 scrolls of teleportation
 p - a scroll of amnesia
 q - 3 scrolls of enchant weapon {unknown}
 s - a scroll of blinking {unknown}
 t - a scroll of vulnerability {unknown}
Potions
 a - a potion of lignification
 d - 9 potions of curing {unknown}
 f - 3 potions of heal wounds
 o - a potion of enlightenment
 u - a potion of invisibility
 w - a potion of ambrosia


   Skills:
 + Level 4.2 Fighting
 + Level 2.5 Throwing
 + Level 4.6 Dodging
 * Level 6.9 Unarmed Combat
 + Level 2.5 Evocations
 * Level 6.5 Shapeshifting


You had 8 spell levels left.
You didn't know any spells.
Your spell library contained the following spells:

 Spells                   Type           Power      Damage    Failure   Level
 Dazzling Flash           Conj/Hex       0%         N/A       69%         3
 Volatile Blastmotes      Fire/Tloc      0%         2d10      69%         3
 Starburst                Conj/Fire      0%         6d3       100%        6
 Maxwell's Capacitive Co  Air            0%         ∞         100%        8


Dungeon Overview and Level Annotations

Branches:
Dungeon (6/15)
 Temple: D:4-7

Altars:
Hepliaklqana
The Shining One

Shops:
D:2 *

Annotations:
D:1 dig
D:3 2 runed translucent doors, Phaedo's ghost, amateur DjFE
D:6 Dowan; Duvessa


Innate Abilities, Weirdness & Mutations

You are a hulking beast.
Your limbs bulge with bestial killing power. (Slay +3)
You cannot wear most types of armour.
You are amphibious.
You can wear up to eight rings at the same time.
Your skin changes colour to match your surroundings (Stealth+).
Your rubbery body absorbs attacks. (AC +1, EV +1)
((You are camouflaged when in or above water. (Stealth+)))
You have tentacles for arms and can constrict up to eight enemies at once.


Message History

Duvessa, Sister of Dowan comes into view.
She is wielding a +2 short sword of electrocution and wearing a +3 leather armour of cold resistance.
Duvessa shouts!
Dowan gestures at something while chanting.
You hear the slow hiss of an avalanche of sand nearby.
The adder barely misses you. The adder attacks as it pursues you!
The adder barely misses you.
There is a stone staircase leading up here.
The adder closely misses you.
There is an open door here.
The adder attacks as it pursues you! The adder barely misses you.
The adder attacks as it pursues you! The adder bites you but does no damage.
You closely miss the adder. You grab the adder. You constrict the adder.
The adder bites you.
You are poisoned.
The adder poisons you!
You tentacle-slap the adder. You squeeze the adder.
The adder is almost dead.
You constrict the adder.
You kill the adder!
You feel sick.
You tentacle-slap Duvessa. Your grab misses Duvessa.
Duvessa is lightly wounded.
You feel sick.
Duvessa hits you with a +2 short sword of electrocution!
You tentacle-slap Duvessa. Your grab misses Duvessa.
Your tentacle-slap misses Duvessa.
Duvessa is moderately wounded.
You feel sick.
Duvessa hits you with a +2 short sword of electrocution. x2
You are electrocuted!
You are too injured to fight recklessly!
You are too injured to fight recklessly!
You tentacle-slap Duvessa. You grab Duvessa.
Duvessa is moderately wounded.
You constrict Duvessa, but do no damage.
You feel sick.
Duvessa hits you with a +2 short sword of electrocution!
* * * LOW HITPOINT WARNING * * *
You are electrocuted!
You die... .P~P~P. .P~P~P. [PPPPP†##

......†.#
.....##.#
######### #)#
#.......# #.#
#.......###†#
#.....e.'eh.#
######.......#####
#........#####
.........#
###......#
.........#
####......#
..........#
####......#


You could see Duvessa (fast) and Dowan.

Vanquished Creatures
  Sigmund (D:3)
  Menkaure (D:5)
  A water moccasin (D:5)
  An ice beast (D:5)
  A black bear (D:4)
  An ogre (D:4)
  A phantom (D:5)
  3 scorpions (D:4)
  2 howler monkeys (D:4)
  A bombardier beetle (D:3)
  5 hounds
  A jelly (D:5)
  3 orc priests
  A gnoll bouda (D:5)
  3 sleepcaps
  Ijyb (D:3)
  2 iguanas (D:5)
  4 orc wizards
  8 adders
  5 gnolls
  A shadow imp (D:5)
  2 dart slugs
  5 ribbon worms
  15 orcs
  A bat (D:3)
  12 endoplasms
  5 giant cockroaches
  6 goblins
  7 hobgoblins
  5 jackals
  4 quokkas
  6 ball pythons
  4 frilled lizards
  5 kobolds
  3 rats
127 creatures vanquished.

Notes
Turn   | Place    | Note
-------+----------+-------------------------------------------
     0 | D:1      | mopl the Octopode Shapeshifter began the quest for the Orb.
     0 | D:1      | Reached XP level 1. HP: 13/13 MP: 1/1
   174 | D:1      | Reached XP level 2. HP: 11/18 MP: 2/2
   332 | D:1      | Found a faded altar of an unknown god.
   628 | D:2      | Found Surch's General Store.
   656 | D:2      | Bought a scroll of identify for 26 gold pieces
   683 | D:2      | Reached XP level 3. HP: 22/23 MP: 3/3
   998 | D:3      | Reached XP level 4. HP: 25/29 MP: 4/4
  1012 | D:3      | Found a runed translucent door.
  1179 | D:3      | Noticed Sigmund
  1191 | D:3      | Killed Sigmund
  1192 | D:3      | Reached XP level 5. HP: 6/35 MP: 5/5
  1192 | D:3      | Reached XP level 6. HP: 7/41 MP: 6/6
  1385 | D:3      | Noticed Ijyb
  1390 | D:3      | Killed Ijyb
  1566 | D:3      | Found a runed translucent door.
  1750 | D:3      | Noticed Phaedo's ghost (amateur DjFE)
  1868 | D:2      | Bought a scroll of amnesia for 52 gold pieces
  1907 | D:4      | Reached skill level 5 in Unarmed Combat
  1919 | D:4      | Found a hazy altar of Hepliaklqana.
  1926 | D:4      | Reached XP level 7. HP: 45/45 MP: 7/7
  1929 | D:4      | Reached skill level 5 in Shapeshifting
  2681 | D:4      | Reached XP level 8. HP: 16/52 MP: 8/8
  2825 | D:4      | Reached skill level 1 in Throwing
  2825 | D:4      | Reached skill level 1 in Evocations
  2919 | D:5      | Entered Level 5 of the Dungeon
  3195 | D:5      | Found a glowing golden altar of the Shining One.
  3738 | D:5      | Noticed Menkaure
  3743 | D:5      | Killed Menkaure
  3744 | D:5      | Reached XP level 9. HP: 40/58 MP: 9/9
  3841 | D:6      | Noticed Dowan
  3844 | D:6      | Noticed Duvessa
  3863 | D:6      | Slain by Duvessa

Illustrated notes

Levels and vault maps discovered:
D:1:      psy_arrival_dodecagon, layout_loops_cross, serial_glass,
          glass_columns_a, glass_columns_b, glass_columns_a, glass_columns_c,
          glass_columns_a, glass_columns_a, glass_columns_b, glass_columns_b,
          feat_on_display, due_unseen_surprise, item_on_display_a,
          item_on_display_b, ebering_ecumenical_altar_abandoned
D:2:      layout_rooms, serial_shops, shop
D:3:      layout_basic, ebering_ghost_sewer_f,
          hangedman_abyss_or_decor_lesser_grid, uniq_ijyb, uniq_sigmund
D:4:      minmay_chambers_of_threes, layout_rooms,
          nicolae_overflow_crystal_walls
D:5:      layout_rooms, nicolae_tso_swordbearing_angel, guppyfry_early_orc_mine,
          uniq_menkaure
D:6:      gammafunk_steamed_eel, layout_basic, mainiacjoe_overflow_alcove_2,
          enter_ossuary_1, minmay_misc_feat_rows, dreamdust_gnoll_farm,
          uniq_pikel, uniq_duvessa

Skill      XL: |  1  2  3  4  5  6  7  8 |
---------------+-------------------------+-----
Fighting       | 2 3 4 |  4.2
Dodging        | 3 4 |  4.6
Unarmed Combat | 4 5 6 |  6.9
Shapeshifting  | 4 5 6 |  6.5
Throwing       | 2 |  2.5
Evocations     | 2 |  2.5

Action                     |  1- 3 |  4- 6 |  7- 9 || total
---------------------------+-------+-------+-------++-------
  Melee: Unarmed           |    60 |    56 |   175 ||   291
         Constrict         |    16 |    14 |    47 ||    77
         Tentacles         |    11 |    11 |    47 ||    69
         Punch             |     3 |     2 |     7 ||    12
  Throw: Dart              |       |       |     5 ||     5
  Evoke: Wand              |       |     6 |     3 ||     9
    Use: Scroll            |       |       |     5 ||     5
   Stab: Sleeping          |     7 |     5 |     1 ||    13
 Armour: Skin              |    14 |    23 |    75 ||   112
  Dodge: Dodged            |    24 |    16 |   101 ||   141
